 Dungeon Crawl Stone Soup version 0.29.1-15-g9cfb28693d (webtiles) character file.

Game seed: 7499385069370602631

325 Peloso the Slasher (level 6, -10/55 HPs)
             Began as a Minotaur Fighter on Mar 14, 2023.
             Mangled by an ogre
             ... wielding a +0 giant club
              (20 damage)
             ... on level 4 of the Dungeon.
             The game lasted 00:06:02 (3376 turns).

Peloso the Slasher (Minotaur Fighter)               Turns: 3376, Time: 00:06:03

Health: -10/55     AC: 11    Str: 20    XL:     6   Next: 24%
Magic:  5/5        EV:  7    Int:  9    God:
Gold:   137        SH:  0    Dex: 10    Spells: 5/5 levels left

rFire   + . .      SeeInvis .   a - +0 long sword
rCold   . . .      Faith    .   d - +0 buckler
rNeg    . . .      Spirit   .   o - +0 chain mail
rPois   .          Reflect  .   (helmet restricted)
rElec   .          Harm     .   (no cloak)
rCorr   .          Rampage  .   c - +0 pair of gloves
Will    .....                   (no boots)
Stlth   ..........              (no amulet)
HPRegen 0.18/turn               (no ring)
MPRegen 0.09/turn               (no ring)

@: confused
A: horns 2, retaliatory headbutt, clever 1, fire resistance 1
a: no special abilities


You were on level 4 of the Dungeon.
You visited 1 branch of the dungeon, and saw 4 of its levels.

You collected 137 gold pieces.

Inventory:

Hand Weapons
 a - a +0 long sword (weapon)
 b - a +2 spear of flaming
Armour
 c - a +0 pair of gloves (worn)
 d - a +0 buckler (worn)
 o - a +0 chain mail (worn)
Scrolls
 f - a scroll of poison {unknown}
 l - a scroll of amnesia {unknown}
 q - 2 scrolls of silence {unknown}
 s - 2 scrolls of enchant weapon {unknown}
Potions
 e - a potion of might
 g - a potion of ambrosia
 h - 2 potions of resistance
 i - a potion of haste
 j - a potion of attraction {unknown}
 k - 2 potions of heal wounds {unknown}
 m - a potion of magic {unknown}
 n - a potion of brilliance {unknown}
 p - 2 potions of mutation
 r - a potion of curing {unknown}
 t - a potion of invisibility {unknown}


   Skills:
 + Level 4.8 Fighting
 + Level 5.2 Long Blades
 + Level 5.1 Armour
 + Level 1.3 Dodging
 + Level 0.5 Stealth
 + Level 4.5 Shields


You had 5 spell levels left.
You didn't know any spells.
Your spell library contained the following spells:

 Spells                   Type           Power      Damage    Failure   Level
 Foxfire                  Conj/Fire      0%         2x1d4     99%         1
 Conjure Flame            Conj/Fire      0%         6-21      100%        3
 Inner Flame              Hex/Fire       0%         N/A       100%        3
 Flame Wave               Conj/Fire      0%         2d4       100%        4


Dungeon Overview and Level Annotations

Branches:
Dungeon (4/15)
 Temple: D:4-7

Altars:
Trog

Shops:
D:3 [


Innate Abilities, Weirdness & Mutations

You have a pair of horns on your head.
You reflexively headbutt those who attack you in melee.
Your mind is acute. (Int +4, Str/Dex -1)
Your flesh is heat resistant. (rF+)


Message History

You block the ball python's attack.
A necrophage comes into view.
You closely miss the ball python.
The ball python bites you but does no damage.
The ball python grabs you. The ball python constricts you.
You closely miss the ball python. The ball python barely misses you.
The ball python constricts you.
You completely miss the ball python. You headbutt the ball python.
You kill the ball python!
You hit the orc wizard.
The orc wizard is moderately wounded.
The orc wizard gestures at you while chanting.
The magic dart hits you!
You hit the orc wizard but do no damage.
The orc wizard is moderately wounded.
The orc wizard hits you with a +0 dagger.
You slash the orc wizard!
The orc wizard is almost dead.
A kobold comes into view. It is wielding a +0 club.
The orc wizard hits you but does no damage.
An ogre comes into view. It is wielding a +0 giant club.
The orc wizard points at you and mumbles some strange words.
You are confused.
The kobold moves out of view.
The orc wizard points at you and mumbles some strange words.
You resist with some effort.
The ogre hits you with a +0 giant club!!
You hear a shout!
You hear a shout! x2
You bump into the rock wall.
The ogre hits you with a +0 giant club!
* * * LOW HITPOINT WARNING * * *
The orc wizard gestures at you while chanting.
The magic dart hits you but does no damage.
An orc comes into view. It is wielding a +0 war axe.
Unknown command.
It was a potion of mutation.
You feel extremely strange.
You feel resistant to heat.
You feel clever.
The orc wizard hits you but does no damage.
The ogre hits you with a +0 giant club!!
You die...

####.#..## #####
###..# #...# ##....##
##....
###..##..###.....
#####..#####..##.....
#....##).####..#.....
......##...#
##.......
#####OK..### ##.....#
#@..## ##...## #on.#
##.### #o..# #.###
#.##..# #.... ..#
#...# #.... ...
.##..# #.... ...# #
...# ##... ... ##...
#...> .. .## ...#.#


You could see an ogre, a necrophage, an orc wizard, an orc and a kobold.

Vanquished Creatures
  A phantom (D:4)
  A jelly (D:4)
  Terence (D:3)
  2 iguanas
  6 adders
  2 worms (D:2)
  6 orcs
  4 endoplasms
  A giant cockroach (D:1)
  8 goblins
  4 hobgoblins
  7 jackals
  4 quokkas
  10 ball pythons
  4 bats (D:2)
  3 frilled lizards
  7 kobolds
  5 rats
76 creatures vanquished.

Notes
Turn   | Place    | Note
-------+----------+-------------------------------------------
     0 | D:1      | Peloso the Minotaur Fighter began the quest for the Orb.
     0 | D:1      | Reached XP level 1. HP: 19/19 MP: 0/0
    54 | D:1      | Reached XP level 2. HP: 14/27 MP: 1/1
   530 | D:1      | Found a faded altar of an unknown god.
   998 | D:2      | Reached XP level 3. HP: 33/33 MP: 2/2
  1447 | D:2      | Found a bloodstained altar of Trog.
  1702 | D:2      | Reached XP level 4. HP: 40/40 MP: 3/3
  2002 | D:3      | Reached skill level 1 in Dodging
  2171 | D:3      | Noticed Terence
  2182 | D:3      | Killed Terence
  2353 | D:3      | Reached XP level 5. HP: 47/47 MP: 4/4
  2527 | D:3      | Found Laebeso's Antique Armour Emporium.
  2721 | D:4      | Noticed a phantom
  2735 | D:4      | Killed a phantom
  2736 | D:4      | Reached skill level 5 in Long Blades
  2736 | D:4      | Reached skill level 5 in Armour
  2736 | D:4      | Reached XP level 6. HP: 31/53 MP: 5/5
  3376 | D:4      | Gained mutation: Your flesh is heat resistant. (rF+)
                  | [potion of mutation]
  3376 | D:4      | Gained mutation: Your mind is acute. (Int +4, Str/Dex -1)
                  | [potion of mutation]
  3376 | D:4      | Mangled by an ogre

Illustrated notes

Levels and vault maps discovered:
D:1:      shiori_arrival_oz, layout_basic, ebering_ecumenical_altar_sacrificial,
          minmay_misc_feat_encased
D:2:      layout_loops_ring, basic_altar, grunt_decor_cap, hex_large
D:3:      layout_loops_ring, serial_shops, shop, grunt_ministairs_12,
          uniq_terence
D:4:      layout_cave_pods, nicolae_overflow_hidden_temple, minmay_vboxes

Skill      XL: |  1  2  3  4  5 |
---------------+----------------+-----
Fighting       | 4 |  4.8
Armour         | 4 5 |  5.1
Shields        | 4 |  4.5
Long Blades    | 3 5 |  5.2
Dodging        | 1 |  1.3
Stealth        | |  0.5

Action                   |  1- 3 |  4- 6 || total
-------------------------+-------+-------++-------
Melee: Long sword        |   110 |    95 ||   205
       Headbutt          |    21 |    17 ||    38
  Use: Scroll            |       |     3 ||     3
       Potion            |       |     1 ||     1
Armor: Scale mail        |    52 |       ||    52
       Chain mail        |    10 |    64 ||    74
Dodge: Dodged            |    75 |    40 ||   115
Block: Buckler           |    38 |    21 ||    59
